 Dungeon Crawl Stone Soup version 0.30-a0-172-gc5509c9e31 (webtiles) character file.

Game seed: 2988932766366874669

2335 lorenzova the Thaumaturge (level 9, -1/45 HPs)
             Began as a Deep Elf Conjurer on Oct 1, 2022.
             Was an Initiate of Vehumet.
             Killed from afar by Maggie (16 damage)
             ... with a bolt of fire
             ... on level 7 of the Dungeon.
             The game lasted 00:16:37 (9250 turns).

lorenzova the Thaumaturge (Deep Elf Conjurer)       Turns: 9250, Time: 00:16:38

Health: -1/45      AC:  4    Str:  4    XL:     9   Next: 19%
Magic:  15/26      EV: 12    Int: 28    God:    Vehumet [......]
Gold:   312        SH:  0    Dex: 13    Spells: 28/31 levels left

rFire   + . .      SeeInvis .    u - +1 dagger (venom)
rCold   + . .      Faith    .    (no shield)
rNeg    . . .      Spirit   .    B - +2 robe {rF+}
rPois   .          Reflect  .    (no helmet)
rElec   .          Harm     .    (no cloak)
rCorr   .          Rampage  .    (no gloves)
Will    +....                    (no boots)
Stlth   ++........               o - amulet of regeneration
HPRegen 1.07/turn                f - ring of willpower
MPRegen 0.20/turn                A - ring of protection from cold

@: mesmerised
A: no striking features
a: Renounce Religion


You were on level 7 of the Dungeon.
You worshipped Vehumet.
Vehumet was noncommittal.
You visited 2 branches of the dungeon, and saw 8 of its levels.

You collected 312 gold pieces.

Inventory:

Hand Weapons
 e - the +1 long sword of Ointment {venom, +Blink rPois rC+ Int-3}
   (You found it on level 2 of the Dungeon)

   It poisons the flesh of those it strikes.
   Int:       It affects your intelligence (-3).
   rC:        It protects you from cold.
   rPois:     It protects you from poison.
   +Blink:    It lets you blink.
 u - a +1 dagger of venom (weapon)
Missiles
 n - 3 throwing nets
Armour
 a - a +0 robe
 l - a +3 leather armour
 B - a +2 robe of fire resistance (worn)
Magical Staves
 g - a staff of air
Jewellery
 f - a ring of willpower (left hand)
 o - an amulet of regeneration (around neck)
 y - a ring of willpower
 A - a ring of protection from cold (right hand)
Wands
 w - a wand of mindburst (15)
Scrolls
 h - 4 scrolls of enchant weapon
 i - 3 scrolls of vulnerability
 k - a scroll of enchant armour
 p - 2 scrolls of fear {unknown}
 q - a scroll of blinking {unknown}
 s - 3 scrolls of amnesia {unknown}
 t - a scroll of magic mapping {unknown}
Potions
 b - 3 potions of magic
 c - 5 potions of brilliance
 d - 2 potions of haste
 j - 5 potions of curing
 m - a potion of berserk rage
 r - a potion of degeneration {unknown}
 v - 2 potions of heal wounds {unknown}
 x - a potion of mutation {unknown}
 z - a potion of might {unknown}


   Skills:
 - Level 2.4 Dodging
 - Level 2.4 Stealth
 + Level 11.7 Spellcasting
 + Level 10.5 Conjurations


You had 28 spell levels left.
You knew the following spells:

 Your Spells              Type           Power      Damage    Failure   Level
a - Magic Dart            Conj           100%       1d8       1%          1
b - Searing Ray           Conj           100%       2d8       1%          2

Your spell library contained the following spells:

 Spells                   Type           Power      Damage    Failure   Level
 Dazzling Flash           Conj/Hex       90%        N/A       1%          3
 Fulminant Prism          Conj/Hex       22%        3d13      3%          4
 Iskenderun's Mystic Bla  Conj/Tloc      45%        2d10      3%          4


Dungeon Overview and Level Annotations

Branches:
Dungeon (7/15)             Temple (1/1) D:6

Altars:
Ashenzari
Elyvilon
Fedhas
Gozag
Hepliaklqana
Kikubaaqudgha
Makhleb
Nemelex Xobeh
Okawaru
Qazlal
Ru
Sif Muna
Trog
Vehumet
Wu Jian
Xom
Yredelemnul
Zin
The Shining One

Shops:
D:1 [   D:3 =   D:5 [

Annotations:
D:3 exclusion: 2 downstairs
D:6 3 runed translucent doors, exclusion: downstairs, Tenar's ghost, novice FoFi
D:7 Maggie


Message History

Aiming: Magic Dart (safe; 1% risk of failure)
Press: ? - help, Shift-Dir - straight line, f/p - Maggie
Aim: Maggie, wielding a +0 vorpal scimitar and wearing +0 acid dragon scales (lightly wounded, mesmerising, 100% to hit)
The magic dart hits Maggie.
Maggie is lightly wounded.
Unknown command.
Casting: Magic Dart (safe; 1% risk of failure)
Confirm with . or Enter, or press ? or * to list all spells.
Aiming: Searing Ray (safe; 1% risk of failure)
Press: ? - help, Shift-Dir - straight line, f/p - Maggie
Aim: Maggie, wielding a +0 vorpal scimitar and wearing +0 acid dragon scales (lightly wounded, mesmerising, 83% to hit)
The searing ray hits Maggie.
Maggie is lightly wounded. (Press . to maintain the ray.)
The searing ray hits Maggie.
Maggie is moderately wounded.
The searing ray hits Maggie!
Maggie is moderately wounded.
Maggie points at you and mumbles some strange words.
The bolt of fire hits you! You resist.
The searing ray hits Maggie!
Maggie is heavily wounded.
You finish channelling your searing ray.
Casting: Searing Ray (safe; 1% risk of failure)
Confirm with . or Enter, or press ? or * to list all spells.
Aiming: Searing Ray (safe; 1% risk of failure)
Press: ? - help, Shift-Dir - straight line, f/p - Maggie
Aim: Maggie, wielding a +0 vorpal scimitar and wearing +0 acid dragon scales (heavily wounded, mesmerising, 83% to hit)
The searing ray hits Maggie!
Maggie is heavily wounded. (Press . to maintain the ray.) Maggie hits you with a +0 vorpal scimitar!
The searing ray hits Maggie!
Maggie is severely wounded.
Maggie hits you with a +0 vorpal scimitar!
The searing ray hits Maggie.
Maggie is severely wounded.
Maggie gestures at you while chanting. The bolt of fire hits you! You resist.
You die...

... )......
#.###...@.
#......#
#.[.# #...#
#...# #...#
#.@.#
######.@.###
......)....#
.......<...#
...........#
######...###
#...# #...#
#...# #...#


You could see Maggie (mesmerising).

Vanquished Creatures
  Prince Ribbit (D:6)
  Menkaure (D:6)
  3 ice beasts
  2 black bears (D:4)
  3 centaurs
  An ogre (D:4)
  3 phantoms
  Blork the orc (D:5)
  A necrophage (D:6)
  A jelly (D:5)
  A gnoll bouda (D:6)
  3 hounds
  4 orc priests
  5 iguanas
  10 orc wizards (D:6)
  10 gnolls
  5 adders
  An ufetubus (D:6)
  2 worms (D:3)
  4 dart slugs
  15 orcs
  5 bats
  10 endoplasms
  3 giant cockroaches
  11 goblins
  8 hobgoblins
  6 jackals
  6 quokkas
  A ball python (D:1)
  5 frilled lizards
  6 kobolds
  5 rats
143 creatures vanquished.

Vanquished Creatures (others)
  A butterfly (D:5)
  9 plants (D:6)
10 creatures vanquished.

Grand Total: 153 creatures vanquished

Notes
Turn   | Place    | Note
-------+----------+-------------------------------------------
     0 | D:1      | lorenzova the Deep Elf Conjurer began the quest for the
                  | Orb.
     0 | D:1      | Reached XP level 1. HP: 10/10 MP: 6/6
   288 | D:1      | Reached XP level 2. HP: 15/15 MP: 2/8
   291 | D:1      | Learned a level 2 spell: Searing Ray
   528 | D:1      | Found Yjou's Armour Emporium.
   800 | D:1      | Found a faded altar of an unknown god.
  1233 | D:2      | Reached skill level 4 in Spellcasting
  1234 | D:2      | Identified the +1 long sword of Ointment {venom, +Blink
                  | rPois rC+ Int-3}
  1289 | D:2      | Found a blossoming altar of Fedhas.
  1295 | D:2      | Reached skill level 5 in Conjurations
  1295 | D:2      | Reached XP level 3. HP: 19/19 MP: 7/10
  1751 | D:2      | Reached XP level 4. HP: 24/24 MP: 10/12
  2424 | D:3      | Reached skill level 5 in Spellcasting
  2441 | D:3      | Reached XP level 5. HP: 28/28 MP: 2/15
  3030 | D:3      | Found Naez's Jewellery Shop.
  3444 | D:4      | Noticed a black bear
  3486 | D:4      | Noticed an ogre
  3614 | D:4      | Killed a black bear
  3615 | D:4      | Reached skill level 6 in Spellcasting
  3615 | D:4      | Reached XP level 6. HP: 32/32 MP: 9/17
  4281 | D:4      | Reached skill level 7 in Spellcasting
  4592 | D:4      | Reached XP level 7. HP: 24/36 MP: 13/20
  5135 | D:5      | Entered Level 5 of the Dungeon
  5215 | D:5      | Noticed Blork the orc
  5268 | D:5      | Killed Blork the orc
  5269 | D:5      | Reached skill level 8 in Spellcasting
  5576 | D:5      | Found Ocipn's Antique Armour Shop.
  5866 | D:5      | Found a white marble altar of Elyvilon.
  6204 | D:6      | Reached skill level 9 in Spellcasting
  6204 | D:6      | Reached XP level 8. HP: 41/41 MP: 15/23
  6341 | D:6      | Found a runed translucent gate.
  6342 | D:6      | Found a runed translucent gate.
  6343 | D:6      | Found a runed translucent gate.
  6348 | D:6      | Noticed Prince Ribbit
  6362 | D:6      | Killed Prince Ribbit
  6411 | D:6      | Reached skill level 10 in Spellcasting
  6608 | D:6      | Found a staircase to the Ecumenical Temple.
  6622 | Temple   | Entered the Ecumenical Temple
  6772 | Temple   | Became a worshipper of Vehumet
  6788 | D:6      | Noticed Menkaure
  7112 | D:6      | Killed Menkaure
  7570 | D:6      | Reached skill level 11 in Spellcasting
  7659 | D:6      | Reached skill level 10 in Conjurations
  7899 | D:6      | Reached XP level 9. HP: 45/45 MP: 19/26
  8614 | D:6      | Noticed Tenar's ghost (novice FoFi)
  8678 | D:7      | Noticed Maggie
  9250 | D:7      | Killed from afar by Maggie

Illustrated notes

Levels and vault maps discovered:
D:1:      spicycebolla_arrival_xxxplode, layout_loops_corners,
          shapermc_ecumenical_altar_acropolis, serial_shops,
          nicolae_shop_hallway_plus
D:2:      layout_rooms, basic_altar
D:3:      layout_basic, serial_shops, nicolae_shop_statue_plus,
          amethyst_killhole, wad_rectangle_vault
D:4:      layout_cave_pools, grunt_decor_clamped
D:5:      layout_loops_ring, nicolae_elyvilon_peaceful_grove, serial_shops,
          kennysheep_mini, uniq_blork_the_orc
D:6:      minmay_flawed_box, layout_basic, minmay_temple_entry_gardened_gates,
          gammafunk_ghost_necromancy, nicolae_grassy_gnolls,
          uniq_prince_ribbit1, uniq_menkaure
D:7:      layout_loops_cross, nicolae_uskayaw_murder_on_the_dancefloor,
          uniq_maggie, uniq_crazy_yiuf_cottage
Temple:   nicolae_temple_slightly_damp_pantheon

Skill      XL: |  1  2  3  4  5  6  7  8 |
---------------+-------------------------+-----
Spellcasting   | 4 5 6 7 9 11 | 11.7
Conjurations   | 5 6 7 8 10 | 10.5
Dodging        | |  2.4
Stealth        | |  2.4

Action                   |  1- 3 |  4- 6 |  7- 9 || total
-------------------------+-------+-------+-------++-------
Melee: Dagger            |       |       |     5 ||     5
 Cast: Magic Dart        |    60 |   106 |    58 ||   224
       Searing Ray       |       |    12 |    50 ||    62
  Use: Scroll            |     1 |     5 |     4 ||    10
       Potion            |       |       |     1 ||     1
 Stab: Distracted        |       |       |     1 ||     1
Armor: Robe              |       |     1 |    10 ||    11
Dodge: Dodged            |     2 |     5 |    27 ||    34

Table legend: (Time is in decaauts)
 A = Elapsed time spent in this place.
 B = Non-inter-level travel time spent in this place.
 C = Inter-level travel time spent in this place.
 D = Time resting spent in this place.
 E = Time spent auto-exploring this place.
 F = Levels seen in this place.
 G = Mean time per level.
                   A        B        C        D        E       F      G
               +--------+--------+--------+--------+--------+-----+--------+
         Total |   9240 |   9026 |    214 |   3899 |   4080 |   8 | 1155.0 |
       Dungeon |   9075 |   8861 |    214 |   3899 |   3952 |   7 | 1296.4 |
        Temple |    165 |    165 |      0 |      0 |    128 |   1 |  165.0 |
               +--------+--------+--------+--------+--------+-----+--------+

Top non-repeatable levels by time:
     D:6: 2217 daAuts
     D:4: 1537 daAuts
     D:3: 1443 daAuts
     D:1: 1201 daAuts
     D:5: 1141 daAuts
     D:2: 981 daAuts
     D:7: 554 daAuts
  Temple: 165 daAuts
